 Dungeon Crawl Stone Soup version 0.18-a0-1436-gfa8758d (webtiles) character file.

447 Etesian the Cudgeler (level 7, -3/41 HPs)
             Began as a Gargoyle Fighter on Feb 29, 2016.
             Slain by an ogre
             ... wielding a +0 giant club
              (24 damage)
             ... on level 4 of the Dungeon.
             The game lasted 00:23:10 (3020 turns).

Etesian the Cudgeler (Gargoyle Fighter)             Turns: 3020, Time: 00:23:11

Health: -3/41      AC: 15    Str: 22    XL:     7   Next: 3%
Magic:  7/7        EV:  6    Int:  8    God:
Gold:   165        SH: 10    Dex:  9    Spells: 0 memorised, 6 levels left

rFire  . . .     SeeInvis .     a - +1 flail
rCold  . . .     Gourm    .     p - +0 chain mail
rNeg   + . .     Faith    .     c - +0 shield
rPois  ∞         Spirit   .     (no helmet)
rElec  +         Dismiss  .     n - +0 cloak
rCorr  .         Reflect  .     (no gloves)
SustAt .         Harm     .     (no boots)
MR     .....                    (no amulet)
Stlth  ..........               (no ring)
                                (no ring)

@: not resistant to hostile enchantments, extremely unstealthy
A: negative energy resistance 1, electricity resistance, unbreathing,
petrification resistance, rot immunity, AC +4
a: no special abilities


You were on level 4 of the Dungeon.
You were very hungry.

You visited 1 branch of the dungeon, and saw 4 of its levels.

You collected 165 gold pieces.

Inventory:

Hand Weapons
 a - a +1 flail (weapon)
Missiles
 g - a throwing net (quivered)
Armour
 c - a +0 shield (worn)
 n - a +0 cloak (worn)
 p - a +0 chain mail (worn)
Wands
 d - a wand of polymorph (24/24)
Scrolls
 b - a scroll of enchant weapon
 o - a scroll of identify
 s - 3 scrolls of remove curse
Potions
 j - a potion of cancellation
 k - a potion of flight {unknown}
 l - a potion of berserk rage {unknown}
 m - a potion of curing {unknown}
 q - 2 potions of lignification {unknown}
 r - a potion of ambrosia {unknown}
 u - a potion of magic {unknown}
 v - a potion of might
Books
 t - a book of the Warp

   Spells                             Type                      Level
   a - Recall                         Summoning/Translocation      3
   b - Gell's Gravitas                Hexes/Translocation          3
   c - Force Lance                    Conjuration/Translocation    4
   d - Warp Weapon                    Charms/Translocation         5
   e - Summon Forest                  Summoning/Translocation      5
Comestibles
 f - 3 bread rations
 i - a beef jerky


   Skills:
 - Level 3.2 Fighting
 * Level 5.2 Maces & Flails
 + Level 5.1 Armour
 + Level 5.0 Shields


You had 6 spell levels left.
You didn't know any spells.

Dungeon Overview and Level Annotations

Branches:
Dungeon (4/15)
 Temple: D:4-7

Altars:
Dithmenos
Trog
Vehumet
Zin


Innate Abilities, Weirdness & Mutations

You are resistant to torment.
Your stone body is resilient (AC +4).
You are immune to poison.
You resist negative energy.
You are resistant to electric shocks.
You can survive without breathing.
You are immune to petrification.
You are immune to rotting.


Message History

There is a stone staircase leading down here.
There is a stone staircase leading down here.
You climb downwards.
An ogre comes into view. It is wielding a giant club.
The ogre shouts!
There is a stone staircase leading up here.
Press: ? - help, v - describe, . - travel
Here: an ogre, wielding a giant club The floor.
You hit the ogre.
The ogre is lightly wounded.
The ogre hits you with a giant club!
You sock the ogre!
The ogre is heavily wounded.
The ogre hits you with a giant club.
You sock the ogre!
The ogre is almost dead.
The ogre hits you with a giant club!!
Ouch! That really hurt!
You die...

# #. # #.
#.#.# ...
#.#########
#.<@O......
#..########
###...
+###....
#..### #..#
...# ####


You could see an ogre.

Vanquished Creatures
  Sigmund (D:2)
  A centaur (D:4)
  Jessica (D:2)
  Natasha (D:4)
  4 gnolls (D:2)
  2 adders
  3 oozes
  2 worms (D:3)
  A dart slug (D:1)
  5 orcs
  3 giant cockroaches
  6 goblins
  14 hobgoblins
  8 jackals
  2 quokkas (D:3)
  2 ball pythons
  4 bats
  5 giant newts
  11 kobolds
  4 rats
80 creatures vanquished.

Notes
Turn   | Place    | Note
--------------------------------------------------------------
     0 | D:1      | Etesian the Gargoyle Fighter began the quest for the Orb.
     0 | D:1      | Reached XP level 1. HP: 14/14 MP: 1/1
    55 | D:1      | Reached XP level 2. HP: 19/19 MP: 2/2
   313 | D:1      | Reached XP level 3. HP: 23/23 MP: 3/3
   624 | D:2      | Noticed Jessica
   652 | D:2      | Killed Jessica
   652 | D:2      | Reached XP level 4. HP: 24/28 MP: 4/4
   715 | D:2      | Noticed Sigmund
   733 | D:2      | Killed Sigmund
   733 | D:2      | Reached XP level 5. HP: 6/32 MP: 5/5
  1049 | D:2      | Found a glowing silver altar of Zin.
  1109 | D:2      | Reached XP level 6. HP: 37/37 MP: 6/6
  1742 | D:3      | Found a radiant altar of Vehumet.
  1891 | D:3      | Found a shadowy altar of Dithmenos.
  1958 | D:3      | Found a bloodstained altar of Trog.
  2300 | D:4      | Reached skill level 5 in Maces & Flails
  2300 | D:4      | Reached skill level 5 in Armour
  2300 | D:4      | Reached skill level 5 in Shields
  2493 | D:4      | Noticed Natasha
  2512 | D:4      | Killed Natasha
  2512 | D:4      | Reached XP level 7. HP: 24/41 MP: 7/7
  3020 | D:4      | Slain by an ogre

Vault maps used:
D:1:      minmay_arrival_statue_studded
D:2:      lemuel_coloured_pillars_altar, uniq_jessica, uniq_sigmund
D:3:      nicolae_overflow_hidden_temple, marbit_many_paths,
          lemuel_crystal_altar, first_bread
D:4:      lemuel_doored_altar, temple_doors_e, okawaru_trees_1, uniq_natasha

Skill      XL: |  1  2  3  4  5  6 |
---------------+-------------------+-----
Maces & Flails | 3 4 5 |  5.2
Armour         | 4 5 |  5.1
Shields        | 4 5 |  5.0
Fighting       | |  3.2

Action                   |  1- 3 |  4- 6 |  7- 9 || total
-------------------------+-------+-------+-------++-------
Melee: Flail             |    89 |   187 |    23 ||   299
       Unarmed           |       |     6 |       ||     6
  Use: Scroll            |     1 |     4 |       ||     5
       Potion            |       |     1 |     1 ||     2
  Eat: Chunk             |       |     6 |       ||     6
